 Dungeon Crawl Stone Soup version 0.26-a0-812-g31a745ddcd (webtiles) character file.

Game seed: 5166621614670877772

107 vishdafish the Shield-Bearer (level 5, -1/42 HPs)
             Began as a Formicid Fighter on Nov 30, 2020.
             Was an Initiate of Gozag.
             Slain by Natasha (6 damage)
             ... on level 2 of the Dungeon.
             The game lasted 00:01:51 (1690 turns).

vishdafish the Shield-Bearer (Formicid Fighter)     Turns: 1690, Time: 00:01:51

Health: -1/42      AC:  7    Str: 21    XL:     5   Next: 11%
Magic:  5/5        EV:  8    Int:  8    God:    Gozag
Gold:   26         SH:  9    Dex: 10    Spells: 4/4 levels left

rFire    . . .     SeeInvis +   a - +0 war axe
rCold    + . .     Faith    .   c - +0 kite shield
rNeg     . . .     Spirit   .   b - +0 scale mail
rPois    .         Reflect  .   (helmet unavailable)
rElec    .         Harm     .   (no cloak)
rCorr    .         Rampage  .   (no gloves)
MR       .....                  (no boots)
Stlth    ..........             (no amulet)
HPRegen  0.14/turn              (no ring)
MPRegen  0.09/turn              k - ring of protection from cold

@: gold aura
A: permanent stasis, dig shafts and tunnels, four strong arms, antennae 3
a: Dig, Shaft Self, Potion Petition, Call Merchant, Bribe Branch, Renounce
Religion


You were on level 2 of the Dungeon.
You worshipped Gozag.
Gozag was noncommittal.
You visited 1 branch of the dungeon, and saw 2 of its levels.

You collected 42 gold pieces.
You paid 16 gold pieces to Gozag.

Inventory:

Hand Weapons
 a - a +0 war axe (weapon)
Missiles
 n - 15 bolts
Armour
 b - a +0 scale mail (worn)
 c - a +0 kite shield (worn)
Jewellery
 k - a ring of protection from cold (right hand)
 p - an uncursed ring of ice
Scrolls
 e - 3 scrolls of enchant weapon {unknown}
 f - 2 scrolls of identify {unknown}
 g - a scroll of noise {unknown}
 i - 2 scrolls of teleportation {unknown}
 l - a scroll of enchant armour {unknown}
 m - a scroll of immolation {unknown}
Potions
 d - 2 potions of might
 h - a potion of curing {unknown}
 j - a potion of lignification {unknown}
 o - a potion of attraction {unknown}


   Skills:
 + Level 4.1 Fighting
 + Level 2.8 Axes
 + Level 4.1 Armour
 + Level 4.5 Shields


You had 4 spell levels left.
You didn't know any spells.
Your spell library was empty.

Dungeon Overview and Level Annotations

Branches:
Dungeon (2/15)

Altars:
Gozag

Annotations:
D:2 1 runed translucent door, Crazy Yiuf, Natasha


Innate Abilities, Weirdness & Mutations

You cannot be hasted, slowed, berserked, paralysed or teleported.
You can dig through walls and to a lower floor.
Your four strong arms can wield two-handed weapons with a shield.
You have a pair of large antennae on your head. (SInv)


Message History

Unknown command.
You closely miss Natasha.
Natasha is moderately wounded.
You slash the shadow imp! You block Natasha's attack.
The shadow imp barely misses you. Natasha barely misses you.
Your shield prevents you from hitting Natasha.
Natasha is moderately wounded.
You hit the shadow imp.
You kill the shadow imp!
Natasha becomes distracted by the nearby gold, dreaming of imaginary riches.
Natasha hisses angrily.
You hit Natasha.
Natasha is no longer distracted by gold.
Natasha is moderately wounded.
Natasha casts a spell at you. The magic dart hits you.
* * * LOW HITPOINT WARNING * * *
Natasha claws you.
You die...
Your body crumbles into a pile of gold.

[. ..#####..
#.##........ #....(....#
#.........# #.........#
#.........# #..$$.....#
# #..h@$....# .#
####'######
#######.########..######
........ ..(.....)....>#
....#.#+#########.####.#
..).†...... #..# .#
........... ##)###.####
##'#.(..... ..#
#..#..... ##.#...../.
#.# ##.#..#


You could see Natasha.

Vanquished Creatures
  Natasha (D:2)
  2 adders (D:2)
  A worm (D:2)
  A dart slug (D:1)
  A leopard gecko (D:1)
  A bat (D:1)
  2 giant cockroaches (D:1)
  8 goblins
  9 hobgoblins
  11 jackals
  4 frilled lizards
  10 kobolds
  2 rats
53 creatures vanquished.

Notes
Turn   | Place    | Note
-------+----------+-------------------------------------------
     0 | D:1      | vishdafish the Formicid Fighter began the quest for the
                  | Orb.
     0 | D:1      | Reached XP level 1. HP: 18/18 MP: 1/1
   114 | D:1      | Reached XP level 2. HP: 24/24 MP: 2/2
   334 | D:1      | Reached XP level 3. HP: 21/29 MP: 3/3
   870 | D:2      | Reached XP level 4. HP: 28/37 MP: 4/4
   989 | D:2      | Found a runed translucent door.
   990 | D:2      | Noticed Crazy Yiuf
  1157 | D:2      | Found an opulent altar of Gozag.
  1411 | D:2      | Became a worshipper of Gozag Ym Sagoz the Greedy
  1662 | D:2      | Noticed Natasha
  1674 | D:2      | Killed Natasha
  1674 | D:2      | Reached XP level 5. HP: 22/42 MP: 5/5
  1676 | D:2      | Noticed Natasha
  1690 | D:2      | Slain by Natasha

Illustrated notes

Levels and vault maps discovered:
D:1:      dpeg_arrival_simpleton_c, layout_loops_ring
D:2:      minmay_evil_eye, layout_basic,
          nicolae_gozag_cash_rules_everything_around_me, minmay_circle_x,
          uniq_natasha, uniq_crazy_yiuf_cottage

Skill      XL: |  1  2  3  4 |
---------------+-------------+-----
Shields        | 4 |  4.5
Armour         | 4 |  4.1
Fighting       | 4 |  4.1
Axes           | |  2.8

Action                   |  1- 3 |  4- 6 || total
-------------------------+-------+-------++-------
Melee: War axe           |    93 |    63 ||   156
Armor: Scale mail        |    30 |    23 ||    53
Dodge: Dodged            |    31 |    17 ||    48
Block: Kite shield       |    57 |    42 ||    99

Table legend: (Time is in decaauts)
 A = Elapsed time spent in this place.
 B = Non-inter-level travel time spent in this place.
 C = Inter-level travel time spent in this place.
 D = Time resting spent in this place.
 E = Time spent auto-exploring this place.
 F = Levels seen in this place.
 G = Mean time per level.
                   A        B        C        D        E       F      G
               +--------+--------+--------+--------+--------+-----+--------+
         Total |   1756 |   1665 |     91 |     91 |   1229 |   2 |  878.0 |
       Dungeon |   1756 |   1665 |     91 |     91 |   1229 |   2 |  878.0 |
               +--------+--------+--------+--------+--------+-----+--------+

Top non-repeatable levels by time:
     D:1: 883 daAuts
     D:2: 873 daAuts
